MLB
PHILADELPHIA PHILLIES @ TAMPA BAY RAYS
04/14/2018
 
TOP OF THE 1ST
Philadelphia Phillies batting - Pitching for Tampa Bay Rays : RHP Michael Pineda
Pitching: RHP Michael Pineda
Batting: RHB Delino DeShields Jr. 0-0: Ball
1-0: Foul Ball, location: 2F
1-1: Ball
2-1: SINGLE (Flyball, 8LS)
Batting: RHB Carlos Tocci 0-0: Grounds into double play, 4-6-3 (Groundball, 4M)
Batting: RHB Giancarlo Stanton 0-0: SINGLE (Line Drive, 78S)
Batting: LHB Justin Bour 0-0: Called Strike
0-1: Fly out, F8 (Flyball, 8RM)
Top of the 1st over - 0 runs, 2 hits, 0 errors, 1 left on base; Philadelphia 0 - Tampa Bay 0
BOTTOM OF THE 1ST
Tampa Bay Rays batting - Pitching for Philadelphia Phillies : RHP Doug Fister
Pitching: RHP Doug Fister
Batting: LHB Michael Conforto 0-0: Called Strike
0-1: Ball
1-1: Foul Ball, location: 2F
1-2: SOLO HOME RUN (Flyball, 9D), Distance : 356 ft
Batting: RHB Gary Sanchez 0-0: Called Strike
0-1: Swinging Strike
0-2: Ball
1-2: Foul Ball, location: 2F
1-2: Ball
2-2: Foul Ball, location: 2F
2-2: Foul Ball, location: 2F
2-2: Fly out, F8 (Flyball, 8LD)
Batting: LHB Joey Votto 0-0: Called Strike
0-1: Swinging Strike
0-2: Ball
1-2: Ball
2-2: Strikes out looking
Batting: RHB A.J. Pollock 0-0: Ball
1-0: Swinging Strike
1-1: Fly out, F9 (Flyball, 89S)
Bottom of the 1st over - 1 run, 1 hit, 0 errors, 0 left on base; Philadelphia 0 - Tampa Bay 1
TOP OF THE 2ND
Philadelphia Phillies batting - Pitching for Tampa Bay Rays : RHP Michael Pineda
Batting: RHB Todd Frazier 0-0: Called Strike
0-1: Swinging Strike
0-2: Ball
1-2: Ball
2-2: Fly out, F7 (Flyball, 78M)
Batting: RHB Jesus Aguilar 0-0: Fly out, F7 (Line Drive, 7D)
Batting: RHB Carson Kelly 0-0: Ball
1-0: Fly out, F8 (Flyball, 8RXD)
Top of the 2nd over - 0 runs, 0 hits, 0 errors, 0 left on base; Philadelphia 0 - Tampa Bay 1
BOTTOM OF THE 2ND
Tampa Bay Rays batting - Pitching for Philadelphia Phillies : RHP Doug Fister
Batting: LHB Adam Eaton 0-0: Foul Ball, location: 2F
0-1: Ball
1-1: Ball
2-1: Foul Ball, location: 2F
2-2: Foul Ball, location: 2F
2-2: Foul Ball, location: 2F
2-2: SINGLE (Line Drive, 78M)
Batting: SHB Neil Walker 0-0: Called Strike
0-1: Swinging Strike
0-2: Ball
1-2: Foul Ball, location: 2F
1-2: Ball
2-2: Strikes out swinging
Batting: SHB Robbie Grossman 0-0: Ball
1-0: Called Strike
1-1: Called Strike
1-2: Ball
2-2: Ground out 5-3 (Groundball, 5S)
Adam Eaton to second
Batting: RHB Matt Duffy 0-0: Ball
1-0: Ball
2-0: Ball
3-0: Base on Balls
Batting: SHB Ehire Adrianza 0-0: Ball
1-0: Called Strike
1-1: Fly out, F7 (Flyball, 7LSF)
Bottom of the 2nd over - 0 runs, 1 hit, 0 errors, 2 left on base; Philadelphia 0 - Tampa Bay 1
TOP OF THE 3RD
Philadelphia Phillies batting - Pitching for Tampa Bay Rays : RHP Michael Pineda
Batting: RHB Scott Kingery 0-0: Foul Ball, location: 2F
0-1: Ball
1-1: Ball
2-1: Swinging Strike
2-2: Foul Ball, location: 2F
2-2: DOUBLE (Flyball, 89XD)
Batting: RHB Amed Rosario 0-0: Ball
1-0: Swinging Strike
1-1: Ball
2-1: Swinging Strike
2-2: Strikes out looking
Batting: RHB Delino DeShields Jr. 0-0: Ball
1-0: Ball
2-0: Ball
3-0: Called Strike
3-1: Called Strike
3-2: SINGLE (Flyball, 8RS)
Scott Kingery to third
Batting: RHB Carlos Tocci 0-0: SINGLE (Groundball, 56D)
Scott Kingery scores
Delino DeShields Jr. to second
Batting: RHB Giancarlo Stanton 0-0: Foul Ball, location: 2F
0-1: Ball
1-1: Foul Ball, location: 2F
1-2: Foul Ball, location: 2F
1-2: Ball
2-2: Foul Ball, location: 2F
2-2: Ball
3-2: Fly out, F7 (Flyball, 7LMF)
Batting: LHB Justin Bour 0-0: Fly out, F9 (Flyball, 9LM)
Top of the 3rd over - 1 run, 3 hits, 0 errors, 2 left on base; Philadelphia 1 - Tampa Bay 1
BOTTOM OF THE 3RD
Tampa Bay Rays batting - Pitching for Philadelphia Phillies : RHP Doug Fister
Batting: LHB Michael Conforto 0-0: Foul Ball, location: 2F
0-1: Ball
1-1: Foul Ball, location: 2F
1-2: Ball
2-2: Strikes out swinging
Batting: RHB Gary Sanchez 0-0: Ball
1-0: SINGLE (Flyball, 6MD)
Batting: LHB Joey Votto 0-0: Foul Ball, location: 2F
0-1: Foul Ball, location: 2F
0-2: Strikes out swinging
Batting: RHB A.J. Pollock 0-0: Ball
1-0: Ball
Passed Ball!
Gary Sanchez to second
2-0: Called Strike
2-1: Called Strike
2-2: Ball
3-2: Foul Ball, location: 2F
3-2: Ground out 6-3 (Groundball, 6)
Bottom of the 3rd over - 0 runs, 1 hit, 0 errors, 1 left on base; Philadelphia 1 - Tampa Bay 1
TOP OF THE 4TH
Philadelphia Phillies batting - Pitching for Tampa Bay Rays : RHP Michael Pineda
Batting: RHB Todd Frazier 0-0: Ball
1-0: Called Strike
1-1: Foul Ball, location: 2F
1-2: Strikes out looking
Batting: RHB Jesus Aguilar 0-0: Called Strike
0-1: Ball
1-1: Ball
2-1: Ball
3-1: SINGLE (Line Drive, 89M)
Batting: RHB Carson Kelly 0-0: SINGLE (Line Drive, 89S)
Jesus Aguilar to second
Runner from 2nd tries for 3rd, SAFE, throw made to third
Batting: RHB Scott Kingery 0-0: Fielders Choice at 2nd, 6-4 (Groundball, 6)
Jesus Aguilar scores
Batting: RHB Amed Rosario 0-0: Foul Ball, location: 2F
0-1: Foul Ball, location: 2F
0-2: Foul Ball, location: 2F
0-2: Fly out, F9 (Line Drive, 9)
Top of the 4th over - 1 run, 2 hits, 0 errors, 1 left on base; Philadelphia 2 - Tampa Bay 1
BOTTOM OF THE 4TH
Tampa Bay Rays batting - Pitching for Philadelphia Phillies : RHP Doug Fister
Batting: LHB Adam Eaton 0-0: Ball
1-0: Ball
2-0: Called Strike
2-1: Ground out U3 (Groundball, 3)
Batting: SHB Neil Walker 0-0: Foul Ball, location: 2F
0-1: Ball
1-1: Ball
2-1: Fly out, F7 (Flyball, 7)
Batting: SHB Robbie Grossman 0-0: Foul Ball, location: 2F
0-1: Ball
1-1: Ball
2-1: Swinging Strike
2-2: Ball
3-2: Fly out, F8 (Flyball, 8LM)
Bottom of the 4th over - 0 runs, 0 hits, 0 errors, 0 left on base; Philadelphia 2 - Tampa Bay 1
TOP OF THE 5TH
Philadelphia Phillies batting - Pitching for Tampa Bay Rays : RHP Michael Pineda
Batting: RHB Delino DeShields Jr. 0-0: Ground out 5-3 (Groundball, 56S)
Batting: RHB Carlos Tocci 0-0: Ball
1-0: Called Strike
1-1: Ball
2-1: Ball
3-1: Base on Balls
Batting: RHB Giancarlo Stanton 0-0: Ball
1-0: Foul Ball, location: 2F
1-1: Fielders Choice at 2nd, 2-4 (Groundball, 15S)
Batting: LHB Justin Bour 0-0: Ball
1-0: Foul Ball, location: 2F
1-1: Foul Ball, location: 2F
1-2: Ball
2-2: DOUBLE (Line Drive, 8RXD)
Giancarlo Stanton to third
Batting: RHB Todd Frazier 0-0: Ball
1-0: Fly out, F2 (Popup, 3SF)
Top of the 5th over - 0 runs, 1 hit, 0 errors, 2 left on base; Philadelphia 2 - Tampa Bay 1
BOTTOM OF THE 5TH
Tampa Bay Rays batting - Pitching for Philadelphia Phillies : RHP Doug Fister
Batting: RHB Matt Duffy 0-0: Called Strike
0-1: Ball
1-1: Ground out 6-3 (Groundball, 56)
Batting: SHB Ehire Adrianza 0-0: Called Strike
0-1: Foul Ball, location: 2F
0-2: Ball
1-2: Ball
2-2: Ball
3-2: Fly out, F6 (Popup, 6M)
Batting: LHB Michael Conforto 0-0: Hit by Pitch
Batting: RHB Gary Sanchez 0-0: Ball
1-0: Foul Ball, location: 2F
1-1: Ball
2-1: Fly out, F7 (Flyball, 7S)
Bottom of the 5th over - 0 runs, 0 hits, 0 errors, 1 left on base; Philadelphia 2 - Tampa Bay 1
TOP OF THE 6TH
Philadelphia Phillies batting - Pitching for Tampa Bay Rays : RHP Michael Pineda
Pitching: RHP Yoshihisa Hirano
Batting: RHB Jesus Aguilar 0-0: Foul Ball, location: 2F
0-1: Ball
1-1: Foul Ball, location: 2F
1-2: SINGLE (Line Drive, 56)
Batting: RHB Carson Kelly 0-0: Ball
1-0: Foul Ball, location: 2F
1-1: Called Strike
1-2: Foul Ball, location: 2F
1-2: Strikes out swinging
Batting: RHB Scott Kingery 0-0: Foul Ball, location: 2F
0-1: Ball
1-1: Fly out, F9 (Flyball, 89S)
Batting: RHB Amed Rosario 0-0: Foul Ball, location: 2F
0-1: Ball
1-1: Ball
2-1: Ball
3-1: Called Strike
3-2: SINGLE (Groundball, 4MD)
Jesus Aguilar to second
Jesus Aguilar to third
Batting: RHB Delino DeShields Jr. 0-0: SINGLE (Line Drive, 7LS)
Jesus Aguilar scores
Amed Rosario to second
Batting: RHB Carlos Tocci 0-0: Fielders Choice at 2nd, 6-4 (Groundball, 6)
Top of the 6th over - 1 run, 3 hits, 0 errors, 2 left on base; Philadelphia 3 - Tampa Bay 1
BOTTOM OF THE 6TH
Tampa Bay Rays batting - Pitching for Philadelphia Phillies : RHP Doug Fister
Pitching: RHP Joe Smith
Batting: LHB Joey Votto 0-0: Called Strike
0-1: Foul Ball, location: 2F
0-2: Ball
1-2: Ball
2-2: Ball
3-2: Foul Ball, location: 2F
3-2: Fly out, F8 (Line Drive, 8RM)
Batting: RHB A.J. Pollock 0-0: Foul Ball, location: 2F
0-1: Ball
1-1: Ball
2-1: Ball
3-1: Called Strike
3-2: Foul Ball, location: 2F
3-2: Base on Balls
Batting: LHB Adam Eaton 0-0: Called Strike
0-1: Ball
1-1: Called Strike
1-2: Ball
2-2: Grounds into double play, 5-4-3 (Groundball, 5)
Bottom of the 6th over - 0 runs, 0 hits, 0 errors, 0 left on base; Philadelphia 3 - Tampa Bay 1
TOP OF THE 7TH
Philadelphia Phillies batting - Pitching for Tampa Bay Rays : RHP Yoshihisa Hirano
Pitching: RHP Frankie Montas
Batting: RHB Giancarlo Stanton 0-0: Called Strike
0-1: Swinging Strike
0-2: Ball
1-2: Strikes out swinging
Pitching: LHP James Pazos
Batting: LHB Justin Bour 0-0: Called Strike
0-1: Foul Ball, location: 2F
0-2: Strikes out looking
Pitching: RHP Bryan Mitchell
Batting: RHB Todd Frazier 0-0: Called Strike
0-1: Foul Ball, location: 2F
0-2: Ground out 5-3 (Groundball, 5L)
Top of the 7th over - 0 runs, 0 hits, 0 errors, 0 left on base; Philadelphia 3 - Tampa Bay 1
BOTTOM OF THE 7TH
Tampa Bay Rays batting - Pitching for Philadelphia Phillies : RHP Joe Smith
Pitching: RHP Bryan Shaw
Batting: SHB Neil Walker 0-0: Called Strike
0-1: Ball
1-1: Foul Ball, location: 2F
1-2: Ground out 5-3 (Groundball, 56)
Batting: SHB Robbie Grossman 0-0: DOUBLE (Groundball, 5L)
Batting: RHB Matt Duffy 0-0: Ball
1-0: Foul Ball, location: 2F
1-1: Ball
2-1: Ball
3-1: Fly out, F7 (Flyball, 7S)
Batting: SHB Ehire Adrianza 0-0: Ball
1-0: Called Strike
1-1: Foul Ball, location: 2F
1-2: Ball
2-2: Foul Ball, location: 2F
2-2: Foul Ball, location: 2F
2-2: SINGLE (Groundball, 6MD)
Robbie Grossman to third
Runner from 3rd tries for Home, SAFE, throw made home
Ehire Adrianza to second
Batting: LHB Michael Conforto 0-0: Foul Ball, location: 2F
0-1: Ball
1-1: Ball
2-1: Called Strike
2-2: Ball
3-2: Strikes out swinging
Bottom of the 7th over - 1 run, 2 hits, 0 errors, 1 left on base; Philadelphia 3 - Tampa Bay 2
TOP OF THE 8TH
Philadelphia Phillies batting - Pitching for Tampa Bay Rays : RHP Bryan Mitchell
Batting: RHB Jesus Aguilar 0-0: Called Strike
0-1: Foul Ball, location: 2F
0-2: Strikes out looking
Batting: RHB Carson Kelly 0-0: Foul Ball, location: 2F
0-1: Ball
1-1: SINGLE (Flyball, 7LS)
Pinch Hitting: LHB Nicky Delmonico 0-0: Ball
1-0: Ball
2-0: Ball
3-0: Called Strike
3-1: Base on Balls
Carson Kelly to second
Batting: RHB Amed Rosario 0-0: Called Strike
0-1: Ball
1-1: Ball
2-1: SINGLE (Line Drive, 8RS)
Carson Kelly to third
Nicky Delmonico to second
Batting: RHB Delino DeShields Jr. 0-0: Foul Ball, location: 2F
0-1: Ball
1-1: Swinging Strike
1-2: Ball
2-2: Ball
3-2: Grounds into fielders choice 5-2 (Groundball, 56S)
Nicky Delmonico to third
Amed Rosario to second
Pinch Hitting: LHB Leonys Martin 0-0: Called Strike
0-1: Swinging Strike
0-2: Ball
1-2: Foul Ball, location: 2F
1-2: Ball
2-2: Foul Ball, location: 2F
2-2: Foul Ball, location: 2F
2-2: Strikes out swinging
Top of the 8th over - 0 runs, 2 hits, 0 errors, 3 left on base; Philadelphia 3 - Tampa Bay 2
BOTTOM OF THE 8TH
Tampa Bay Rays batting - Pitching for Philadelphia Phillies : RHP Bryan Shaw
Pitching: LHP Alex Claudio
Now at 2B: Brett Sullivan
Now in LF: Leonys Martin
Batting: RHB Gary Sanchez 0-0: Ball
1-0: SINGLE (Flyball, 7S)
Batting: LHB Joey Votto 0-0: Ball
1-0: Ball
2-0: Ball
3-0: Hit by Pitch
Gary Sanchez to second
Batting: RHB A.J. Pollock 0-0: Ball
1-0: Foul Ball, location: 2F
1-1: Grounds into double play, 4-6-3 (Groundball, 4)
Gary Sanchez to third
Pinch Hitting: RHB Adrian Beltre 0-0: Ball
1-0: Called Strike
1-1: Swinging Strike
1-2: Fly out, F7 (Flyball, 7S)
Bottom of the 8th over - 0 runs, 1 hit, 0 errors, 1 left on base; Philadelphia 3 - Tampa Bay 2
TOP OF THE 9TH
Philadelphia Phillies batting - Pitching for Tampa Bay Rays : RHP Bryan Mitchell
Pitching: RHP Jandel Gustave
Now in RF: Enrique Hernandez
Batting: RHB Giancarlo Stanton 0-0: Ball
1-0: Called Strike
1-1: Called Strike
1-2: Strikes out swinging
Batting: LHB Justin Bour 0-0: Ball
1-0: Foul Ball, location: 2F
1-1: Called Strike
1-2: Foul Ball, location: 2F
1-2: Strikes out swinging
Batting: RHB Todd Frazier 0-0: Ball
1-0: Foul Ball, location: 2F
1-1: Ground out 5-3 (Groundball, 56)
Top of the 9th over - 0 runs, 0 hits, 0 errors, 0 left on base; Philadelphia 3 - Tampa Bay 2
BOTTOM OF THE 9TH
Tampa Bay Rays batting - Pitching for Philadelphia Phillies : LHP Alex Claudio
Pitching: RHP Kenley Jansen
Batting: SHB Neil Walker 0-0: Foul Ball, location: 2F
0-1: Swinging Strike
0-2: Strikes out swinging
Batting: SHB Robbie Grossman 0-0: Called Strike
0-1: Ball
1-1: Fly out, F6 (Popup, P)
Batting: RHB Matt Duffy 0-0: Called Strike
0-1: Ball
1-1: Fly out, F9 (Flyball, 9LD)
Bottom of the 9th over - 0 runs, 0 hits, 0 errors, 0 left on base; Philadelphia 3 - Tampa Bay 2
Tuesday, June 5th, 2018 - OOTP Baseball 19.6 Build 53